[Event "Team 45 45 League T92"]
[Site "Internet Chess Club"]
[Date "2022.05.13"]
[Round "5"]
[White "fvafier"]
[Black "SeniorCitizen"]
[Result "1-0"]
[WhiteElo "1511"]
[BlackElo "1271"]
[Opening "Réti opening"]
[ECO "A05"]
[Time "14:01:07"]
[PlyCount "97"]
[TimeControl "2700+45"]

1. Nf3 Nf6 2. g3 d5 3. d3 c5 4. Nbd2 e6 5. Bg2 Bd6 6. O-O O-O 7. e4 dxe4 8. dxe4
Bc7 9. b3 Nc6 10. Bb2 Rb8 11. Qe2 Qe7 12. a4 e5 13. Nc4 Nd4 14. Nxd4 cxd4 15.
Ba3 Qd7 16. Bxf8 Kxf8 17. Rfd1 Qe8 18. Rac1 b5 19. Nb2 Ba5 20. axb5 Rxb5 21. Nc4
Bc7 22. Ra1 a6 23. h3 Bb7 24. c3 Rxb3 25. cxd4 Rb4 26. Rab1 Qb5 27. Rxb4 Qxb4
28. dxe5 Ne8 29. Nd6 Bxd6 30. exd6 Nxd6 31. e5 Bxg2 32. Kxg2 Qb7+ 33. f3 Ne8 34.
Qd2 Qb5 35. f4 a5 36. Ra1 a4 37. Rd1 a3 38. Qd3 Qb2+ 39. Rd2 Qb7+ 40. Kf2 Qb6+
41. Ke2 Qb4 42. Qd4 Qb5+ 43. Qd3 Qb4 44. Ra2 Qb7 45. Qxa3+ Kg8 46. Qa8 Qb5+ 47.
Kf3 Qd3+ 48. Kg4 Qe2+ 49. Rxe2 {Black resigns} 1-0

[Event "Team 45 45 League T92"]
[Site "Internet Chess Club"]
[Date "2022.05.16"]
[Round "5"]
[White "julesraider"]
[Black "sdcohle"]
[Result "1/2-1/2"]
[WhiteElo "1578"]
[BlackElo "1369"]
[Opening "QGD"]
[ECO "D52"]
[Time "17:38:09"]
[PlyCount "92"]
[TimeControl "2700+45"]

1. d4 d5 2. c4 c6 3. Nf3 e6 4. Nc3 Nd7 5. Bg5 Ngf6 6. e3 Be7 7. Bd3 dxc4 8. Bxc4
O-O 9. O-O b5 10. Bb3 a6 11. a3 Bb7 12. Re1 c5 13. Rc1 cxd4 14. exd4 h6 15. Bh4
Nb6 16. Ne5 Nfd5 17. Bg3 Rc8 18. Ne4 Rxc1 19. Qxc1 Qc8 20. Nc5 Ba8 21. Ba2 Rd8
22. f4 Nf6 23. Bf2 Nbd5 24. Re2 Nd7 25. Rc2 Nxe5 26. dxe5 Qc6 27. Bg3 Bxc5+ 28.
Rxc5 Qb6 29. Bf2 Qb7 30. Qd2 Rd7 31. Qc2 Nb6 32. Kf1 Qxg2+ 33. Ke2 Qg4+ 34. Ke1
Qxf4 35. Bb1 g6 36. Rc8+ Kg7 37. Bxb6 Qxe5+ 38. Kf1 Qf4+ 39. Ke1 Qe5+ 40. Kf1
Qd5 41. Bf2 Qf3 42. Ke1 Qh1+ 43. Ke2 Qf3+ 44. Ke1 Qh1+ 45. Ke2 Qf3+ 46. Ke1 Qh1+
{Game drawn by repetition} 1/2-1/2

[Event "Team 45 45 League T92"]
[Site "Internet Chess Club"]
[Date "2022.05.14"]
[Round "5"]
[White "Tjet"]
[Black "rgadoury"]
[Result "1-0"]
[WhiteElo "1300"]
[BlackElo "1127"]
[Opening "English, 1...Nf6 (Anglo-Indian defense)"]
[ECO "A15"]
[Time "15:01:13"]
[PlyCount "103"]
[TimeControl "2700+45"]

1. c4 Nf6 2. g3 c6 3. Bg2 d5 4. cxd5 cxd5 5. Nf3 Nc6 6. O-O e6 7. a3 b5 8. d3
Bd6 9. Nc3 a6 10. Bg5 O-O 11. b4 h6 12. Bd2 Re8 13. Qc1 Bb7 14. Re1 Qc7 15. e3
e5 16. h3 d4 17. exd4 Nxd4 18. Nxd4 Bxg2 19. Kxg2 exd4 20. Ne4 Qxc1 21. Raxc1
Nxe4 22. dxe4 f6 23. Rc6 Re6 24. Rec1 Kf7 25. f3 Ke7 26. Rb6 f5 27. Rb7+ Kf6 28.
Re1 fxe4 29. fxe4 g5 30. g4 Be5 31. Rf1+ Bf4 32. Bxf4 Rxe4 33. Bg3+ Ke6 34. Rf5
d3 35. Rb6+ Kd7 36. Rd6+ Ke7 37. Rxd3 Re2+ 38. Bf2 Rd8 39. Rxd8 Kxd8 40. Rd5+
Ke7 41. Rd3 Kf7 42. Kf3 Re6 43. Bc5 Rf6+ 44. Kg3 Ke8 45. h4 gxh4+ 46. Kxh4 Rf7
47. Kh5 Rh7 48. Be3 Rd7 49. Rxd7 Kxd7 50. Kxh6 Ke7 51. g5 Kf7 52. Kh7 {Black
resigns} 1-0

[Event "Team 45 45 League T92"]
[Site "Internet Chess Club"]
[Date "2022.05.14"]
[Round "5"]
[White "oldbookseller"]
[Black "arconia"]
[Result "0-1"]
[WhiteElo "1056"]
[BlackElo "1150"]
[Opening "Queen's pawn: Yusupov-Rubinstein system"]
[ECO "A40"]
[Time "14:01:25"]
[PlyCount "42"]
[TimeControl "2700+45"]

1. d4 e6 2. Nf3 Nf6 3. e3 Be7 4. Bd3 O-O 5. O-O b6 6. b3 Bb7 7. Nbd2 Nc6 8. Bb2
Nb4 9. Bc4 Nfd5 10. Re1 f5 11. a3 Nc6 12. Bd3 Nf6 13. e4 f4 14. e5 Ng4 15. Qe2
Qe8 16. Qe4 Rf5 17. h3 Nd8 18. d5 Bxd5 19. Qe2 Nh6 20. Nd4 Qg6 21. Bc1 Qxg2#
{White checkmated} 0-1

[Event "Team 45 45 League T92"]
[Site "Internet Chess Club"]
[Date "2022.05.15"]
[Round "5"]
[White "mongmong"]
[Black "Denis240964"]
[Result "0-1"]
[WhiteElo "1517"]
[BlackElo "1391"]
[Opening "Dutch"]
[ECO "A80"]
[Time "15:02:31"]
[PlyCount "23"]
[TimeControl "2700+45"]

1. d4 f5 2. Nf3 Nf6 3. e3 e6 4. g3 d5 5. Bg2 Be7 6. Ne5 O-O 7. f4 c5 8. c3 b6 9.
O-O Bb7 10. Nd2 Nbd7 11. Ndf3 Nxe5 12. Nxe5 {White resigns} 0-1

[Event "Team 45 45 League T92"]
[Site "Internet Chess Club"]
[Date "2022.05.16"]
[Round "5"]
[White "Megasus"]
[Black "olivermx"]
[Result "0-1"]
[WhiteElo "1549"]
[BlackElo "1341"]
[Opening "Queen's pawn game"]
[ECO "D04"]
[Time "12:06:12"]
[PlyCount "118"]
[TimeControl "2700+45"]

1. Nf3 d5 2. d4 Nf6 3. e3 c5 4. c3 Nbd7 5. Qa4 e6 6. Nbd2 a6 7. Ne5 b5 8. Bxb5
Bd6 9. Ndf3 O-O 10. Bd3 Bxe5 11. dxe5 Ne8 12. Qc2 h6 13. h4 Qc7 14. g4 Nxe5 15.
Nxe5 Qxe5 16. g5 h5 17. b3 Bb7 18. f4 Qc7 19. Rg1 Nd6 20. Bb2 c4 21. Be2 g6 22.
Ba3 Rfd8 23. O-O-O Rac8 24. bxc4 Nxc4 25. Bxc4 Qxc4 26. Bb4 Rc6 27. Rd4 Qb5 28.
Rgd1 Rdc8 29. R1d3 a5 30. a4 Qb6 31. Ba3 Ba6 32. Bb2 Bxd3 33. Rxd3 Rc4 34. Kd2
Qc6 35. Rd4 Rxd4+ 36. exd4 Qd6 37. Ke3 Rc4 38. Qb3 Qc6 39. Qb8+ Kh7 40. Kd2 Qxa4
41. Qf8 Qd7 42. Ba3 Rc8 43. Qd6 Qxd6 44. Bxd6 Rc6 45. Bc5 Kg7 46. Kc2 f6 47. Kb3
Ra6 48. Ka4 fxg5 49. fxg5 Ra8 50. Bd6 Rd8 51. Be5+ Kg8 52. Kxa5 Rf8 53. Kb5 Rf3
54. c4 dxc4 55. Kxc4 Rh3 56. Kc5 Rxh4 57. Kd6 Kf7 58. d5 exd5 59. Kxd5 Rg4
{White resigns} 0-1

[Event "Team 45 45 League T92"]
[Site "Internet Chess Club"]
[Date "2022.05.16"]
[Round "5"]
[White "rhayder"]
[Black "WzeroMN"]
[Result "1-0"]
[WhiteElo "1000"]
[BlackElo "1018"]
[Opening "Two knights defense"]
[ECO "C55"]
[Time "16:06:03"]
[PlyCount "93"]
[TimeControl "2700+45"]

1. e4 e5 2. Nf3 Nc6 3. Bc4 Nf6 4. d4 Bd6 5. Nc3 Bb4 6. Qe2 Bxc3+ 7. bxc3 d6 8.
Ng5 Bg4 9. Qe3 Bh5 10. Be2 Bg6 11. Rb1 b6 12. Bb5 Qd7 13. d5 O-O 14. Bxc6 Qg4
15. Qg3 Rad8 16. Qxg4 Nxg4 17. f3 Nf6 18. O-O h6 19. Nh3 Nd7 20. Ba3 Nb8 21. Bb7
Rd7 22. Rb4 c5 23. dxc6 Rc7 24. Rd1 Nxc6 25. Bxc6 Rxc6 26. Rb3 a5 27. Rxd6 Rxd6
28. Bxd6 Rd8 29. Rxb6 Rc8 30. Rb8 Rxb8 31. Bxb8 a4 32. Bxe5 f6 33. Bd6 f5 34.
Nf4 Bf7 35. a3 fxe4 36. fxe4 g5 37. Nd5 Bxd5 38. exd5 Kf7 39. c4 Ke8 40. Bc7 Kd7
41. d6 Kc8 42. c5 Kd7 43. Kf2 h5 44. Kf3 g4+ 45. Kf4 Kc6 46. Kg5 Kxc5 47. d7
{Black resigns} 1-0